 Dungeon Crawl Stone Soup version 0.29-a0-416-g83a48905f1 (webtiles) character file.

Game seed: 11037075061305298141

415 Lekart the Skirmisher (level 6, -2/56 HPs)
             Began as a Draconian Chaos Knight on May 16, 2022.
             Was a Plaything of Xom.
             Splashed by a jelly's acid (10 damage)
             ... on level 4 of the Dungeon.
             The game lasted 00:06:20 (3222 turns).

Lekart the Skirmisher (Draconian Chaos Knight)      Turns: 3222, Time: 00:06:20

Health: -2/56      AC: -6    Str: 14    XL:     6   Next: 60%
Magic:  6/6        EV: 13    Int: 13    God:    Xom [..*...]
Gold:   420        SH:  0    Dex: 14    Spells: 5/5 levels left

rFire   . . .      SeeInvis .   u - +2 spear (chaos)
rCold   . . .      Faith    .   (no shield)
rNeg    . . .      Spirit   .   (body armour unavailable)
rPois   .          Reflect  .   (helmet restricted)
rElec   .          Harm     .   (no cloak)
rCorr   .          Rampage  .   (no gloves)
Will    .....                   (no boots)
Stlth   +.........              (no amulet)
HPRegen 0.18/turn               (no ring)
MPRegen 0.10/turn               (no ring)

@: corroded
A: AC +6, unfitting armour, cold-blooded, horns 1, agile 1
a: Renounce Religion


You were on level 4 of the Dungeon.
You worshipped Xom.
You were a toy of Xom.
You visited 1 branch of the dungeon, and saw 4 of its levels.

You collected 420 gold pieces.

Inventory:

Hand Weapons
 a - a +0 falchion of chaos
 u - a +2 spear of chaos (weapon)
Missiles
 f - 2 poisoned darts (quivered)
 j - 2 javelins
Scrolls
 e - a scroll of amnesia
 h - a scroll of fog
 n - a scroll of poison
Potions
 g - a potion of resistance
 k - a potion of lignification
 o - a potion of flight
 r - a potion of heal wounds
 t - a potion of berserk rage
Miscellaneous
 b - a piece from Xom's chessboard (15/15)


   Skills:
 * Level 5.0 Fighting
 + Level 4.5 Long Blades
 + Level 1.6 Polearms
 + Level 2.2 Throwing
 + Level 3.5 Dodging
 + Level 0.4 Evocations


You had 5 spell levels left.
You didn't know any spells.
Your spell library was empty.

Dungeon Overview and Level Annotations

Branches:
Dungeon (4/15)             Temple (0/1) D:4

Altars:
Qazlal
Xom


Innate Abilities, Weirdness & Mutations

Your plain brown scales are hard. (AC +6)
You cannot fit into any form of body armour.
You are cold-blooded and may be slowed by cold attacks.
You have a pair of small horns on your head.
You are agile. (Dex +2)


Message History

You puncture the quokka!
You kill the quokka!
You hit the jelly. The acid corrodes you!
Your hands burn!
The jelly is moderately wounded.
The jelly hits you.
You are splashed with acid.
You hit the jelly.
Your hands burn!
The jelly is moderately wounded.
The jelly barely misses you.
You hit the jelly but do no damage.
Your hands burn!
You headbutt the jelly, but do no damage.
The jelly is moderately wounded.
The jelly closely misses you.
You hit the jelly but do no damage.
Your hands burn!
You tail-slap the jelly.
The jelly is heavily wounded.
The jelly hits you. The acid corrodes you!
You are splashed with acid!
You are too injured to fight recklessly!
You are too injured to fight recklessly!
You are too injured to fight recklessly!
You hit the jelly. The acid corrodes you!
Your hands burn!
You tail-slap the jelly, but do no damage.
The jelly is severely wounded.
The jelly barely misses you.
You hit the jelly but do no damage. The acid corrodes you!
Your hands burn!
* * * LOW HITPOINT WARNING * * *
The jelly is severely wounded.
The jelly barely misses you.
You hit the jelly. You freeze the jelly.
Your hands burn!
* * * LOW HITPOINT WARNING * * *
You headbutt the jelly, but do no damage.
The jelly is severely wounded.
The jelly misses you.
You hit the jelly.
The jelly is poisoned.
Your hands burn!
* * * LOW HITPOINT WARNING * * *
The jelly is severely wounded.
The jelly barely misses you. The jelly attacks as you move away!
The jelly hits you.
* * * LOW HITPOINT WARNING * * *
You are splashed with acid!
You die...
Xom giggles madly!

#.#####.####.### #.###### #.#
#........# #.....)# ********#.#
#....#.#.# ######'# *,,,,,,,#.#
##)#.#.#.# #.....
*,*****,#.######.#...#.#####.....
*,,,,,,,#........#........#......
*,,,,,,,##########.###.##.#....##
*,,,,,,,'.....†J.#.#....#)#....#≈
*,,,,,,,########@#.#.#.........#≈
,,******* #.#.#.#..#.#....#≈ ,,*
#.#.#.#..#.#.#..#≈ ,,**
#.#.#.#..#.#....#≈ ,,,*
#..........#....#≈ ,,,***
#######.####....#≈ ,,,,,**
#§###.....#≈ ,,,*,,***********
#...'....##≈ ,,,*,,,,,,,,*,,8*
#.###....##≈


You could see a jelly (very poisoned).

Vanquished Creatures
  A scorpion (D:4)
  A necrophage (D:4)
  A jelly (D:4)
  A hound (D:4)
  An iguana (D:4)
  4 gnolls (D:4)
  8 adders
  4 worms
  5 dart slugs
  An orc (D:4)
  10 ball pythons
  7 bats
  6 endoplasms
  4 giant cockroaches
  11 goblins
  6 hobgoblins
  4 quokkas
  4 frilled lizards
  3 kobolds
  4 rats
86 creatures vanquished.

Vanquished Creatures (others)
  10 fungi (D:4)
  4 plants (D:4)
14 creatures vanquished.

Grand Total: 100 creatures vanquished

Notes
Turn   | Place    | Note
-------+----------+-------------------------------------------
     0 | D:1      | Lekart the Draconian Chaos Knight began the quest for the
                  | Orb.
     0 | D:1      | Reached XP level 1. HP: 19/19 MP: 1/1
   123 | D:1      | Reached XP level 2. HP: 26/26 MP: 2/2
   163 | D:1      | XOM: silly message
   175 | D:1      | XOM: silly message
   294 | D:1      | XOM: silly message
   298 | D:1      | Found a faded altar of an unknown god.
   299 | D:1      | XOM: silly message
   392 | D:1      | XOM: cloud trail
   709 | D:2      | XOM: 4-stop teleportation journey
   743 | D:2      | XOM: silly message
   752 | D:2      | Reached XP level 3. HP: 33/33 MP: 3/3
   879 | D:2      | Reached skill level 4 in Fighting
   970 | D:2      | Reached skill level 1 in Throwing
  1128 | D:2      | XOM: 1-stop teleportation journey
  1129 | D:2      | XOM: silly message
  1150 | D:2      | XOM: 5-stop teleportation journey
  1154 | D:2      | XOM: give mutations
  1154 | D:2      | Gained mutation: You are agile. (Dex +2) [Xom's grace]
  1154 | D:2      | Gained mutation: You have a pair of small horns on your
                  | head. [Xom's grace]
  1247 | D:2      | Reached XP level 4. HP: 40/40 MP: 4/4
  1502 | D:3      | Found a shimmering altar of Xom.
  1532 | D:3      | Found a stormy altar of Qazlal.
  1532 | D:3      | Noticed an air elemental
  1536 | D:3      | Noticed a fire elemental
  1537 | D:3      | Noticed a water elemental
  1537 | D:3      | Noticed an earth elemental
  1609 | D:3      | XOM: confusion (+ monsters)
  1664 | D:3      | XOM: 3-stop teleportation journey
  1728 | D:3      | XOM: noise
  2084 | D:4      | XOM: summons 1 hostile demon
  2195 | D:4      | Noticed a necrophage
  2197 | D:4      | XOM: scenery: 2 doors close
  2216 | D:4      | Killed a necrophage
  2217 | D:4      | Reached XP level 5. HP: 30/47 MP: 5/5
  2342 | D:4      | XOM: fake destruction
  2344 | D:4      | XOM: confuse monster(s)
  2356 | D:4      | Reached XP level 6. HP: 38/55 MP: 6/6
  2547 | D:4      | Reached skill level 1 in Polearms
  2558 | D:4      | Reached skill level 5 in Fighting
  2717 | D:4      | XOM: silly message
  2767 | D:4      | XOM: scenery: 1 doors close
  2786 | D:4      | XOM: scenery: 1 doors open, 1 doors close
  2978 | D:4      | XOM: 5-stop teleportation journey
  3161 | D:4      | Found a staircase to the Ecumenical Temple.
  3222 | D:4      | Splashed by a jelly's acid

Illustrated notes

Levels and vault maps discovered:
D:1:      co_arrival_square_in_a_square_in_a_square, layout_basic,
          nicolae_ecumenical_snake_handling
D:2:      layout_rooms, lightli_corner_chamber
D:3:      layout_basic, nicolae_qazlal_style_of_elements, lemuel_round_altar
D:4:      minmay_polygon_palace, layout_basic, nzn_wu_jian_council_hall,
          fedhas_altar_3, grunt_gozag_breadcrumbs, minmay_temple_entry_poolview,
          minivault_19, minmay_misc_feat_square

Skill      XL: |  1  2  3  4  5  6 |
---------------+-------------------+-----
Fighting       | 4 5 |  5.0
Throwing       | 1 2 |  2.2
Long Blades    | 4 |  4.5
Dodging        | 3 |  3.5
Polearms       | 1 |  1.6
Evocations     | |  0.4

Action                   |  1- 3 |  4- 6 || total
-------------------------+-------+-------++-------
Melee: Falchion          |    92 |    29 ||   121
       Tailslap          |     9 |    16 ||    25
       Headbutt          |     1 |    26 ||    27
       Spear             |       |   140 ||   140
       Punch             |       |     2 ||     2
Throw: Dart              |    19 |     5 ||    24
       Javelin           |    18 |     9 ||    27
Evoke: Piece from Xom's  |     1 |     5 ||     6
  Use: Scroll            |       |    12 ||    12
       Potion            |       |     3 ||     3
 Stab: Sleeping          |       |     2 ||     2
       Confused          |       |     3 ||     3
Armor: Skin              |    34 |    48 ||    82
Dodge: Dodged            |    77 |    87 ||   164

Table legend: (Time is in decaauts)
 A = Elapsed time spent in this place.
 B = Non-inter-level travel time spent in this place.
 C = Inter-level travel time spent in this place.
 D = Time resting spent in this place.
 E = Time spent auto-exploring this place.
 F = Levels seen in this place.
 G = Mean time per level.
                   A        B        C        D        E       F      G
               +--------+--------+--------+--------+--------+-----+--------+
         Total |   3257 |   3226 |     31 |     82 |   2491 |   4 |  814.2 |
       Dungeon |   3257 |   3226 |     31 |     82 |   2491 |   4 |  814.2 |
               +--------+--------+--------+--------+--------+-----+--------+

Top non-repeatable levels by time:
     D:4: 1214 daAuts
     D:2: 792 daAuts
     D:1: 677 daAuts
     D:3: 572 daAuts
